 Dungeon Crawl Stone Soup version 0.18.1-5-g4a78601 (webtiles) character file.

12863 kae the Severer (level 11, -4/88 HPs)
             Began as a Deep Dwarf Fighter on May 9, 2016.
             Was a Priest of Makhleb.
             Slain by an ice beast (12 damage)
             ... on level 2 of the Lair of Beasts.
             The game lasted 00:25:07 (10429 turns).

kae the Severer (Deep Dwarf Fighter)               Turns: 10429, Time: 00:25:09

Health: -4/88      AC: 13    Str: 23    XL:     11   Next: 68%
Magic:  15/15      EV:  7    Int:  9    God:    Makhleb [***...]
Gold:   979        SH: 10    Dex: 15    Spells: 0 memorised, 10 levels left

rFire  . . .     SeeInvis .     a - +2 war axe
rCold  . . .     Gourm    .     b - +1 scale mail
rNeg   . . .     Faith    .     c - +0 shield
rPois  +         Spirit   .     h - +2 helmet
rElec  .         Dismiss  .     (no cloak)
rCorr  .         Reflect  .     v - +0 pair of gloves
SustAt .         Harm     .     l - +0 pair of boots
MR     +....                    J - amulet of magic regeneration
Stlth  ..........               K - +3 ring of strength
                                P - ring of poison resistance

@: non-regenerating, somewhat resistant to hostile enchantments, extremely
unstealthy
A: damage resistance, recharge devices, sense surroundings 2, slow regeneration
3
a: Device Recharging, Minor Destruction, Lesser Servant of Makhleb, Renounce
Religion


You were on level 2 of the Lair of Beasts.
You worshipped Makhleb.
Makhleb was most pleased with you.
You were not hungry.

You visited 3 branches of the dungeon, and saw 13 of its levels.
You also visited: Sewer and Bailey.

You collected 979 gold pieces.

Inventory:

Hand Weapons
 a - a +2 war axe (weapon)
Armour
 b - a +1 scale mail (worn)
 c - a +0 shield (worn)
 h - a +2 helmet (worn)
 l - a +0 pair of boots (worn)
 v - a +0 pair of gloves (worn)
 E - the cursed +0 cloak of Circular Logic {-Cast rN++ Int+2, unknown}
   (You found it on level 1 of the Lair of Beasts)

   It affects your intelligence (+2).
   It greatly protects you from negative energy.
   It prevents spellcasting.
   It has a curse placed upon it.
Jewellery
 r - an uncursed amulet of the gourmand
 F - an uncursed ring of protection from fire
 J - an amulet of magic regeneration (around neck)
 K - a +3 ring of strength (right hand)
 P - a ring of poison resistance (left hand)
Wands
 e - a wand of heal wounds (0/9)
 y - a wand of confusion (8/48)
 L - a wand of slowing (18/48)
 O - a wand of paralysis (5/24)
Scrolls
 p - 2 scrolls of amnesia
 q - 5 scrolls of teleportation
 x - a scroll of enchant weapon
 D - 4 scrolls of remove curse
 M - a scroll of enchant armour
Potions
 d - 2 potions of might
 i - 2 potions of flight
 j - 2 potions of curing
 k - 4 potions of agility
 m - a potion of lignification
 n - a potion of beneficial mutation {unknown}
 o - a potion of cancellation {unknown}
 t - 2 potions of cure mutation
 u - 2 potions of magic {unknown}
 A - a potion of mutation
 B - a potion of brilliance
 H - a potion of haste
 I - 2 potions of degeneration {unknown}
Books
 g - a book of Fire

   Spells                             Type                      Level
   a - Ignite Poison                  Fire/Transmutation/Poison    3
   b - Fireball                       Conjuration/Fire             5
   c - Bolt of Fire                   Conjuration/Fire             6
   d - Delayed Fireball               Conjuration/Fire             7
   e - Ring of Flames                 Charms/Fire                  7
 C - a book of the Warp

   Spells                             Type                      Level
   a - Recall                         Summoning/Translocation      3
   b - Gell's Gravitas                Hexes/Translocation          3
   c - Force Lance                    Conjuration/Translocation    4
   d - Warp Weapon                    Charms/Translocation         5
   e - Summon Forest                  Summoning/Translocation      5
 N - a book of the Dragon

   Spells                             Type                      Level
   a - Flame Tongue                   Conjuration/Fire             1
   b - Cause Fear                     Hexes                        4
   c - Bolt of Fire                   Conjuration/Fire             6
   d - Dragon Form                    Transmutation                7
   e - Dragon's Call                  Summoning                    9
Comestibles
 f - 9 bread rations
 s - 6 meat rations
 w - 5 beef jerkies
 z - 7 fruits
 G - 8 slices of pizza


   Skills:
 - Level 2.6 Fighting
 - Level 18.2 Axes
 - Level 3.2 Armour
 - Level 3.2 Shields
 + Level 7.2 Invocations


You had 10 spell levels left.
You didn't know any spells.

Dungeon Overview and Level Annotations

Branches:
Dungeon (10/15)            Temple (1/1) D:7            Lair (2/8) D:10
    Orc: D:9-12

Altars:
Ashenzari
Cheibriados
Dithmenos
Elyvilon
Fedhas
Gozag
Kikubaaqudgha
Makhleb
Nemelex Xobeh
Okawaru
Pakellas
Qazlal
Ru
Sif Muna
Trog
Vehumet
Xom
Yredelemnul
Zin
The Shining One
Lugonu

Portals:
Ice
Cave: Lair:2

Annotations:
D:3 ThereIsNoGod's ghost, amateur GrFi
D:9 Erolcha


Innate Abilities, Weirdness & Mutations

You are resistant to damage.
You can recharge devices by infusing magical energy.
You passively map the area around you.
You do not regenerate naturally.


Message History

The ice beast hits you but does no damage.
You hit the ice beast.
The ice beast is heavily wounded.
You block the ice beast's attack.
You barely miss the ice beast.
The ice beast is heavily wounded.
The ice beast hits you but does no damage.
Your shield prevents you from hitting the ice beast.
The ice beast is heavily wounded.
Your shield and scale mail prevent you from hitting the ice beast.
The ice beast is heavily wounded.
You block the ice beast's attack.
You slash the ice beast!
The ice beast is almost dead.
You hear the steady crackling of a melting archway.
You hear the brisk rumble of a distant avalanche of rocks.
The ice beast hits you.
* * * LOW HITPOINT WARNING * * *
The ice beast freezes you!
You die...

, , ,.>........#
P.*#................ #.
................#*
###.##...............##
#..................#.#.
##............##...#....
#..........∩...P........
#......Y...............
#....#@........##.##.P.
#........#.#.#.*## ####
#....P........, ** #
#....##...#.# * * * #
#....##....## ### , ##
##....##...#####.# , #.
#P....#....###..## , #.
##...............######.
#..............###..##.


You could see an ice beast.

Vanquished Creatures
  Erica (D:8)
  A centaur warrior (D:6)
  A hill giant (D:10)
  A black mamba (Lair:1)
  2 trolls
  Prince Ribbit (D:5)
  A two-headed ogre (D:6)
  3 blink frogs (Lair:2)
  16 yaks
  A wyvern (D:8)
  A hog (D:7)
  A human (D:7)
  A basilisk (Lair:1)
  3 hippogriffs
  4 water moccasins
  A porcupine (Lair:2)
  3 orc warriors
  4 sky beasts
  A black bear (D:9)
  A phantom (D:7)
  An eye of draining (D:8)
  5 ice beasts (Lair:2)
  2 ogres
  8 centaurs
  A crocodile (Lair:1)
  A big kobold (D:10)
  Blork the orc (D:5)
  10 giant frogs
  A gnoll sergeant (D:7)
  2 scorpions
  4 killer bees (D:10)
  A wight (D:6)
  7 howler monkeys
  2 giant frog zombies
  2 crimson imps
  A jelly (D:6)
  2 quasits
  5 orc wizards
  3 centaur skeletons
  6 hounds
  4 orc priests
  3 giant frog skeletons
  4 iguanas
  8 worker ants
  A killer bee zombie (D:6)
  3 sheep (D:7)
  A hound skeleton (D:7)
  2 howler monkey skeletons
  A worker ant zombie (D:6)
  7 gnolls
  16 adders
  2 shadow imps
  An adder skeleton (D:6)
  3 worms
  A dart slug (D:5)
  4 giant geckos
  28 orcs
  2 ball pythons
  7 giant cockroaches
  14 goblins
  7 hobgoblins
  13 jackals
  13 kobolds
  5 quokkas
  6 bats
  11 giant newts
  2 jackal skeletons (D:4)
  A quokka skeleton (D:5)
  11 rats
  A fungus (Lair:2)
  A plant (D:10)
296 creatures vanquished.

Vanquished Creatures (collateral kills)
  A blink frog (Lair:2)
  A basilisk (Lair:2)
  2 ice beasts (Lair:2)
  An iguana (Lair:2)
5 creatures vanquished.

Grand Total: 301 creatures vanquished

Notes
Turn   | Place    | Note
--------------------------------------------------------------
     0 | D:1      | kae the Deep Dwarf Fighter began the quest for the Orb.
     0 | D:1      | Reached XP level 1. HP: 20/20 MP: 1/1
    71 | D:1      | Reached skill level 3 in Axes
    71 | D:1      | Reached XP level 2. HP: 27/27 MP: 2/2
   499 | D:2      | Reached XP level 3. HP: 19/33 MP: 3/3
   500 | D:2      | Reached skill level 4 in Axes
   546 | D:2      | Reached XP level 4. HP: 27/40 MP: 4/4
   717 | D:2      | Reached skill level 5 in Axes
   955 | D:3      | Noticed ThereIsNoGod's ghost (amateur GrFi)
  1210 | D:3      | Noticed an angel
  1213 | D:3      | Found a glowing silver altar of Zin.
  1217 | D:3      | Found a shimmering altar of Xom.
  1663 | D:4      | Reached XP level 5. HP: 41/46 MP: 5/5
  1700 | D:4      | Reached skill level 6 in Axes
  1778 | D:4      | Noticed a centaur
  1789 | D:4      | Killed a centaur
  1878 | D:4      | Reached skill level 7 in Axes
  1878 | D:4      | Reached XP level 6. HP: 33/55 MP: 6/6
  1892 | D:4      | Found a sparkling altar of Nemelex Xobeh.
  1920 | D:4      | Found a bloodstained altar of Trog.
  1920 | D:4      | Found an ancient bone altar of Kikubaaqudgha.
  2011 | D:4      | Found a shadowy altar of Dithmenos.
  2012 | D:4      | Found a white marble altar of Elyvilon.
  2029 | D:4      | Found a glowing drain.
  2116 | Sewer    | Entered a sewer
  2779 | D:3      | Reached skill level 8 in Axes
  2851 | D:5      | Entered Level 5 of the Dungeon
  2910 | D:5      | Reached XP level 7. HP: 24/61 MP: 7/7
  3144 | D:5      | Reached skill level 9 in Axes
  3255 | D:5      | Noticed Blork the orc
  3274 | D:5      | Killed Blork the orc
  3435 | D:5      | Noticed Prince Ribbit
  3613 | D:5      | Killed Prince Ribbit
  3613 | D:5      | Reached skill level 10 in Axes
  3613 | D:5      | Reached XP level 8. HP: 31/68 MP: 8/8
  4327 | D:6      | Reached skill level 11 in Axes
  4793 | D:6      | Found a deep blue altar of Sif Muna.
  5150 | D:7      | Reached skill level 12 in Axes
  5575 | D:7      | Gained mutation: You passively map the area around you. [Deep Dwarf growth]
  5575 | D:7      | Reached XP level 9. HP: 30/74 MP: 9/9
  5739 | D:7      | Found a staircase to the Ecumenical Temple.
  5745 | Temple   | Entered the Ecumenical Temple
  5819 | D:6      | Reached skill level 13 in Axes
  5861 | D:6      | Noticed a centaur warrior
  5904 | D:6      | Killed a centaur warrior
  5904 | D:6      | Reached skill level 14 in Axes
  6476 | D:7      | Reached skill level 15 in Axes
  6476 | D:7      | Reached XP level 10. HP: 44/81 MP: 10/10
  6722 | D:8      | Found an iron altar of Okawaru.
  6774 | D:8      | Noticed Erica
  6778 | D:8      | HP: 2/81 [Erica/bolt of poison (21)]
  6783 | D:8      | HP: 4/81 [Erica/orb of energy (24)]
  6790 | D:8      | Killed Erica
  6884 | D:8      | You fall through a shaft!
  6906 | D:9      | Found a sacrificial altar of Ru.
  6906 | D:9      | Found an iron altar of Okawaru.
  6906 | D:9      | Found a burning altar of Makhleb.
  6913 | D:9      | Became a worshipper of Makhleb the Destroyer
  6991 | D:9      | Noticed Erolcha
  7057 | D:8      | Reached skill level 16 in Axes
  7060 | D:8      | Found a flagged portal.
  7069 | Bailey   | Entered a bailey
  7361 | D:8      | Found a white marble altar of Elyvilon.
  7436 | D:8      | Reached * piety under Makhleb
  8373 | D:10     | Entered Level 10 of the Dungeon
  8634 | D:10     | Reached skill level 17 in Axes
  8649 | D:10     | Reached XP level 11. HP: 43/88 MP: 11/11
  8721 | D:10     | Reached ** piety under Makhleb
  8771 | D:10     | Found a staircase to the Lair.
  8836 | D:10     | Noticed a hill giant
  8934 | D:10     | Killed a hill giant
  9472 | Lair:1   | Entered Level 1 of the Lair of Beasts
  9587 | Lair:1   | Reached skill level 18 in Axes
  9593 | Lair:1   | Reached *** piety under Makhleb
  9614 | Lair:1   | Got a fine cloak
  9615 | Lair:1   | HP: 2/88 [electric eel/bolt of electricity (4)]
  9671 | Lair:1   | Reached skill level 1 in Invocations
 10042 | Lair:1   | Noticed a seven-headed hydra
 10097 | Lair:2   | Reached skill level 5 in Invocations
 10309 | Lair:2   | Found a frozen archway.
 10429 | Lair:2   | Slain by an ice beast

Skill      XL: |  1  2  3  4  5  6  7  8  9 10 11 |
---------------+----------------------------------+-----
Axes           | 3 4 5 7 8 10 12 15 17 18 | 18.2
Invocations    | 7 |  7.2
Fighting       | |  2.6
Armour         | |  3.2
Shields        | |  3.2

Action                   |  1- 3 |  4- 6 |  7- 9 | 10-12 || total
-------------------------+-------+-------+-------+-------++-------
Melee: War axe           |    65 |   248 |   357 |   460 ||  1130
Invok: Minor Destruction |       |       |       |    11 ||    11
       Lesser Servant of |       |       |       |     2 ||     2
 Abil: Device Recharging |       |       |       |     1 ||     1
Evoke: Wand              |     1 |     1 |    21 |    12 ||    35
  Use: Scroll            |       |     8 |    10 |     7 ||    25
       Potion            |       |       |     1 |    13 ||    14
 Stab: Confused          |       |       |     3 |       ||     3
  Eat: Chunk             |       |    17 |    13 |     5 ||    35
Armor: Scale mail        |    28 |   122 |   143 |   133 ||   426
Dodge: Dodged            |    25 |    85 |    81 |    85 ||   276
Block: Shield            |    33 |   140 |   150 |   171 ||   494
